 Dungeon Crawl Stone Soup version 0.24.0-123-gd5b16e6ec5 (webtiles) character file.

Game seed: 8130369360555703104, levelgen mode: deterministic

910 Ivernyr the Magician (level 8, -1/57 HPs)
             Began as a Gnoll Wizard on Dec 16, 2019.
             Slain by an orc
             ... wielding a +0 trident
              (4 damage)
             ... on level 5 of the Dungeon.
             The game lasted 00:18:02 (4023 turns).

Ivernyr the Magician (Gnoll Wizard)                 Turns: 4023, Time: 00:18:02

Health: -1/57      AC:  3    Str: 11    XL:     8   Next: 8%
Magic:  17/19      EV: 15    Int: 22    God:
Gold:   227        SH:  0    Dex: 13    Spells: 11/22 levels left

rFire    . . .     SeeInvis .   k - +0 whip
rCold    . . .     Gourm    .   (no shield)
rNeg     . . .     Faith    .   a - +0 robe
rPois    .         Spirit   .   b - +0 hat
rElec    .         Reflect  .   (no cloak)
rCorr    .         Harm     .   (no gloves)
MR       .....                  c - +0 pair of boots
Stlth    +++.......             s - amulet of regeneration
HPRegen  0.59/turn              (no ring)
MPRegen  0.16/turn              (no ring)

@: lethally poisoned (-1 -> -1), very slightly contaminated, slowed, very slow
A: distributed training, fangs 1, strong nose
a: no special abilities


You were on level 5 of the Dungeon.
You were not hungry.

You visited 1 branch of the dungeon, and saw 5 of its levels.

You collected 227 gold pieces.

Inventory:

Hand Weapons
 k - a +0 whip (weapon)
Missiles
 z - 10 boomerangs (quivered)
Armour
 a - a +0 robe (worn)
 b - a +0 hat (worn)
 c - a +0 pair of boots (worn)
 y - a +0 buckler
Jewellery
 s - an amulet of regeneration (around neck)
Scrolls
 f - a scroll of immolation {unknown}
 j - 3 scrolls of identify {unknown}
 l - a scroll of amnesia {unknown}
 n - a scroll of blinking {unknown}
 o - 2 scrolls of enchant armour {unknown}
 q - 2 scrolls of magic mapping {unknown}
 u - a scroll of remove curse {unknown}
 v - 2 scrolls of teleportation {unknown}
 w - a scroll of enchant weapon {unknown}
 x - a scroll of fog {unknown}
Potions
 e - 2 potions of curing {unknown}
 g - a potion of might
 h - 2 potions of agility {unknown}
 i - 4 potions of heal wounds {unknown}
 m - 3 potions of flight {unknown}
 p - a potion of berserk rage {unknown}
 r - 2 potions of haste {unknown}
Comestibles
 d - 8 rations


   Skills:
 + Level 2.9 Fighting
 + Level 2.9 Short Blades
 + Level 2.9 Long Blades
 + Level 2.9 Axes
 + Level 2.9 Maces & Flails
 + Level 2.9 Polearms
 + Level 2.9 Staves
 + Level 2.9 Slings
 + Level 2.9 Bows
 + Level 2.9 Crossbows
 + Level 2.9 Throwing
 + Level 2.9 Armour
 + Level 5.4 Dodging
 + Level 5.1 Stealth
 + Level 2.9 Shields
 + Level 2.9 Unarmed Combat
 + Level 7.7 Spellcasting
 + Level 3.2 Conjurations
 + Level 2.3 Hexes
 + Level 2.3 Charms
 + Level 3.2 Summonings
 + Level 2.3 Necromancy
 + Level 3.2 Translocations
 + Level 2.3 Transmutations
 + Level 2.3 Fire Magic
 + Level 2.3 Ice Magic
 + Level 2.3 Air Magic
 + Level 2.3 Earth Magic
 + Level 2.3 Poison Magic
 + Level 3.2 Invocations
 + Level 2.9 Evocations


You had 11 spell levels left.
You knew the following spells:

 Your Spells              Type           Power        Failure   Level  Hunger
a - Magic Dart            Conj           ###.         1%          1    None
b - Blink                 Tloc           N/A          3%          2    None
c - Conjure Flame         Conj/Fire      ###.....     8%          3    None
d - Mephitic Cloud        Conj/Pois/Air  ###.....     8%          3    None
e - Call Imp              Summ           ###.....     3%          2    None

Your spell library contained the following spells:

 Spells                   Type           Power        Failure   Level  Hunger
 Confusing Touch          Hex            ###...       3%          1    None
 Slow                     Hex            ###.....     4%          2    None
 Gell's Gravitas          Tloc           ###.......   6%          3    None
 Confuse                  Hex            ###.....     9%          3    None
 Petrify                  Tmut/Erth      ###.....     28%         4    ###....
 Metabolic Englaciation   Hex/Ice        ###.......   63%         5    #####..
 Yara's Violent Unravell  Hex/Tmut       ###.......   63%         5    #####..


Dungeon Overview and Level Annotations

Branches:
Dungeon (5/15)
 Temple: D:4-7

Altars:
Trog
Yredelemnul
Zin

Annotations:
D:4 3 runed translucent doors, PentaManta's ghost, amateur FoMo


Innate Abilities, Weirdness & Mutations

Your experience applies equally to all skills.
You have very sharp teeth.
Your uncanny sense of smell can sniff out nearby items.


Message History

You feel yourself slow down.
Unknown command.
You bump into the rock wall.
You feel sick.
A centaur skeleton comes into view.
The orc wizard hits you with a +0 dagger.
The orc barely misses you.
The orc priest invokes the aid of Beogh against you.
Beogh smites you!
* * * LOW HITPOINT WARNING * * *
The orc wizard hits you but does no damage.
The orc closely misses you.
You miss something.
You feel less confused.
You feel sick. The orc wizard completely misses you.
The orc throws a boomerang.
The boomerang barely misses you.
The weapon returns to the orc!
Something hits you but does no damage.
The orc wizard hits you with a +0 dagger.
* * * LOW HITPOINT WARNING * * *
The orc hits you from afar with a +0 trident.
You die...

.......
..............§)o..
#####+#
#.##.###......†.... #####
......##....# ....###
#.##..##....# ......#
#.##..##.Z..#
......###.##..##o...###.#
......))..###.##ooo.....#
......###.....##.o......#
##+#### #.....##@##.....#
.# #......#.##.....# .+
#.........+....... .#
######...##....... .+ ∆
##..# ####... .# #..# ...
.# ##.# .# #># ..# #.#


You could see an orc priest, an orc wizard, 3 orcs and a centaur skeleton
(wandering).

Vanquished Creatures
  Sigmund (D:3)
  An ogre (D:4)
  A scorpion (D:5)
  A bullfrog zombie (D:5)
  2 hounds
  A bullfrog skeleton (D:4)
  A centaur skeleton (D:4)
  Jessica (D:3)
  An iguana (D:4)
  2 orc wizards
  3 worker ants
  A hound skeleton (D:5)
  4 howler monkey skeletons
  10 adders
  An ooze (D:3)
  A dart slug (D:1)
  4 worms
  A leopard gecko (D:5)
  9 orcs
  4 ball pythons
  4 giant cockroaches
  7 goblins
  8 hobgoblins
  11 jackals
  2 quokkas (D:3)
  A ball python skeleton (D:4)
  4 bats
  4 frilled lizards
  6 kobolds
  7 rats
104 creatures vanquished.

Vanquished Creatures (collateral kills)
  A centaur (D:3)
1 creature vanquished.

Grand Total: 105 creatures vanquished

Notes
Turn   | Place    | Note
-------+----------+-------------------------------------------
     0 | D:1      | Ivernyr the Gnoll Wizard began the quest for the Orb.
     0 | D:1      | Reached XP level 1. HP: 13/13 MP: 8/8
   209 | D:1      | Reached XP level 2. HP: 19/19 MP: 3/10
   213 | D:1      | Learned a level 2 spell: Blink
   756 | D:2      | Reached XP level 3. HP: 25/25 MP: 9/11
   810 | D:2      | Learned a level 3 spell: Conjure Flame
   814 | D:2      | Learned a level 3 spell: Mephitic Cloud
   817 | D:2      | Learned a level 2 spell: Call Imp
   853 | D:2      | Reached skill level 1 in Invocations
  1267 | D:2      | Reached skill level 1 in Fighting
  1267 | D:2      | Reached skill level 1 in Short Blades
  1267 | D:2      | Reached skill level 1 in Long Blades
  1267 | D:2      | Reached skill level 1 in Axes
  1267 | D:2      | Reached skill level 1 in Maces & Flails
  1267 | D:2      | Reached skill level 1 in Polearms
  1267 | D:2      | Reached skill level 1 in Staves
  1267 | D:2      | Reached skill level 1 in Slings
  1267 | D:2      | Reached skill level 1 in Bows
  1267 | D:2      | Reached skill level 1 in Crossbows
  1267 | D:2      | Reached skill level 1 in Throwing
  1267 | D:2      | Reached skill level 1 in Armour
  1267 | D:2      | Reached skill level 1 in Shields
  1267 | D:2      | Reached skill level 1 in Unarmed Combat
  1267 | D:2      | Reached skill level 1 in Evocations
  1367 | D:2      | Reached XP level 4. HP: 32/32 MP: 8/13
  1650 | D:3      | Noticed a centaur
  1657 | D:3      | Noticed Sigmund
  1663 | D:3      | Killed a centaur
  1663 | D:3      | Reached skill level 1 in Hexes
  1663 | D:3      | Reached skill level 1 in Charms
  1663 | D:3      | Reached skill level 1 in Necromancy
  1663 | D:3      | Reached skill level 1 in Transmutations
  1663 | D:3      | Reached skill level 1 in Fire Magic
  1663 | D:3      | Reached skill level 1 in Ice Magic
  1663 | D:3      | Reached skill level 1 in Air Magic
  1663 | D:3      | Reached skill level 1 in Earth Magic
  1663 | D:3      | Reached skill level 1 in Poison Magic
  1663 | D:3      | Reached XP level 5. HP: 30/37 MP: 4/14
  1675 | D:3      | Killed Sigmund
  1675 | D:3      | Reached XP level 6. HP: 38/44 MP: 3/16
  1801 | D:3      | Found a glowing silver altar of Zin.
  1835 | D:3      | Found a basalt altar of Yredelemnul.
  1838 | D:3      | Found a bloodstained altar of Trog.
  1909 | D:3      | Reached skill level 5 in Dodging
  2173 | D:3      | Noticed Jessica
  2177 | D:3      | Killed Jessica
  2583 | D:4      | Reached XP level 7. HP: 50/50 MP: 11/18
  3177 | D:4      | Found a runed translucent gate.
  3177 | D:4      | Found a runed translucent gate.
  3177 | D:4      | Found a runed translucent gate.
  3177 | D:4      | Noticed PentaManta's ghost (amateur FoMo)
  3226 | D:4      | Reached skill level 5 in Stealth
  3575 | D:5      | Entered Level 5 of the Dungeon
  3775 | D:5      | Reached XP level 8. HP: 36/57 MP: 16/19
  4023 | D:5      | Slain by an orc

Levels and vault maps discovered:
D:1:      dpeg_arrival_court, layout_basic
D:2:      layout_rooms
D:3:      layout_rooms, gammafunk_temple_overflow_forgotten, corner_web_ring,
          uniq_sigmund, uniq_jessica
D:4:      layout_basic, gammafunk_ghost_nasty_kobolds
D:5:      layout_basic, first_ration, basic_altar

Skill      XL: |  1  2  3  4  5  6  7 |
---------------+----------------------+-----
Conjurations   | 2 3 |  3.2
Summonings     | 2 3 |  3.2
Translocations | 2 3 |  3.2
Invocations    | 1 2 3 |  3.2
Fighting       | 1 2 |  2.9
Short Blades   | 1 2 |  2.9
Long Blades    | 1 2 |  2.9
Axes           | 1 2 |  2.9
Maces & Flails | 1 2 |  2.9
Polearms       | 1 2 |  2.9
Staves         | 1 2 |  2.9
Slings         | 1 2 |  2.9
Bows           | 1 2 |  2.9
Crossbows      | 1 2 |  2.9
Throwing       | 1 2 |  2.9
Armour         | 1 2 |  2.9
Shields        | 1 2 |  2.9
Unarmed Combat | 1 2 |  2.9
Evocations     | 1 2 |  2.9
Hexes          | 1 2 |  2.3
Charms         | 1 2 |  2.3
Necromancy     | 1 2 |  2.3
Transmutations | 1 2 |  2.3
Fire Magic     | 1 2 |  2.3
Ice Magic      | 1 2 |  2.3
Air Magic      | 1 2 |  2.3
Earth Magic    | 1 2 |  2.3
Poison Magic   | 1 2 |  2.3
Dodging        | 5 |  5.4
Stealth        | 5 |  5.1
Spellcasting   | |  7.7

Action                   |  1- 3 |  4- 6 |  7- 9 || total
-------------------------+-------+-------+-------++-------
Melee: Whip              |     7 |    14 |    54 ||    75
       Bite              |       |     4 |     2 ||     6
Throw: Boomerang         |       |       |    13 ||    13
 Cast: Magic Dart        |    77 |    96 |   107 ||   280
       Call Imp          |     1 |     1 |       ||     2
       Mephitic Cloud    |       |     2 |     4 ||     6
       Conjure Flame     |       |       |     1 ||     1
       Blink             |       |       |     1 ||     1
 Stab: Confused          |       |     3 |     1 ||     4
  Eat: Chunk             |     1 |     4 |     4 ||     9
Armor: Robe              |     1 |     9 |    14 ||    24
Dodge: Dodged            |     4 |    32 |    99 ||   135
